 Dungeon Crawl Stone Soup version 0.29.1-12-g30fa7ad0bf (webtiles) character file.

Game seed: 5609476789252936514

1209 sanboga the Shield-Bearer (level 8, -2/64 HPs)
             Began as a Formicid Fighter on Dec 11, 2022.
             Was a Follower of Okawaru.
             Slain by an orc warrior
             ... wielding a +0 mace
              (11 damage)
             ... on level 6 of the Dungeon on Dec 12, 2022.
             The game lasted 00:05:50 (6922 turns).

sanboga the Shield-Bearer (Formicid Fighter)        Turns: 6922, Time: 00:05:51

Health: -2/64      AC: 10    Str: 23    XL:     8   Next: 74%
Magic:  8/8        EV:  9    Int:  8    God:    Okawaru [*.....]
Gold:   308        SH:  5    Dex: 13    Spells: 7/7 levels left

rFire   + . .      SeeInvis +   h - +3 flail (holy)
rCold   . . .      Faith    .   c - +0 buckler
rNeg    . . .      Spirit   .   b - +0 scale mail
rPois   .          Reflect  .   (helmet unavailable)
rElec   .          Harm     .   v - +0 cloak {Will+}
rCorr   .          Rampage  .   k - +0 pair of gloves
Will    +....                   (no boots)
Stlth   ..........              (no amulet)
HPRegen 0.20/turn               i - ring of protection from fire
MPRegen 0.11/turn               (no ring)

@: mighty
A: permanent stasis, dig shafts and tunnels, antennae 3, four strong arms
a: Dig, Shaft Self, Renounce Religion, Heroism


You were on level 6 of the Dungeon.
You worshipped Okawaru.
Okawaru was aware of your devotion.
You visited 1 branch of the dungeon, and saw 6 of its levels.

You collected 308 gold pieces.

Inventory:

Hand Weapons
 h - a +3 flail of holy wrath (weapon)
Armour
 b - a +0 scale mail (worn)
 c - a +0 buckler (worn)
 k - a +0 pair of gloves (worn)
 v - a +0 cloak of willpower (worn)
Jewellery
 i - a ring of protection from fire (left hand)
Wands
 j - a wand of flame (35)
 o - a wand of iceblast (3)
Scrolls
 a - 3 scrolls of fog {unknown}
 g - 2 scrolls of silence {unknown}
 p - 2 scrolls of enchant weapon
 q - a scroll of brand weapon {unknown}
 s - a scroll of summoning {unknown}
 t - a scroll of magic mapping {unknown}
 u - a scroll of fear {unknown}
Potions
 d - a potion of might
 n - a potion of mutation
 r - a potion of heal wounds {unknown}


   Skills:
 + Level 5.8 Fighting
 * Level 6.5 Maces & Flails
 + Level 5.8 Armour
 + Level 7.0 Shields


You had 7 spell levels left.
You didn't know any spells.
Your spell library contained the following spells:

 Spells                   Type           Power      Damage    Failure   Level
 Stone Arrow              Conj/Erth      0%         3d7       98%         3
 Alistair's Intoxication  Tmut/Pois      0%         N/A       100%        5
 Borgnjor's Vile Clutch   Necr/Erth      0%         N/A       100%        5
 Eringya's Noxious Bog    Tmut/Pois      0%         N/A       100%        6
 Lehudib's Crystal Spear  Conj/Erth      0%         10d2      100%        8
 Animate Armour           Summ/Erth      Unusable   N/A       N/A         4

Dungeon Overview and Level Annotations

Branches:
Dungeon (6/15)             Temple (0/1) D:5

Altars:
Elyvilon
Hepliaklqana
Okawaru
Ru

Shops:
D:3 =


Innate Abilities, Weirdness & Mutations

You cannot be hasted, slowed, berserked, paralysed or teleported.
You can dig through walls and to a lower floor.
You have a pair of large antennae on your head. (SInv)
Your four strong arms can wield two-handed weapons with a shield.


Message History

You block the orc warrior's attack. The orc hits you but does no damage.
You block the orc's attack.
You hit the orc warrior but do no damage.
The orc warrior is lightly wounded.
You block the orc warrior's attack. The orc barely misses you.
The orc closely misses you.
You barely miss the orc warrior.
The orc warrior is lightly wounded.
The orc warrior hits you with a +0 mace.
You block the orc's attack. x2
The orc warrior hits you but does no damage.
The orc hits you with a +0 war axe! The orc barely misses you.
You are too injured to fight recklessly!
The orc attacks as you move away! The orc barely misses you.
The orc attacks as you move away! The orc hits you with a +0 flail.
The orc warrior attacks as you move away!
The orc warrior hits you with a +0 mace.
* * * LOW HITPOINT WARNING * * *
The orc warrior attacks as you move away!
The orc warrior hits you with a +0 mace!
* * * LOW HITPOINT WARNING * * *
You feel better.
The orc warrior hits you with a +0 mace!
* * * LOW HITPOINT WARNING * * *
You feel very mighty all of a sudden. The orc warrior closely misses you.
You hit the orc warrior but do no damage.
The orc warrior is lightly wounded.
The orc warrior hits you with a +0 mace.
* * * LOW HITPOINT WARNING * * *
You hit the orc warrior.
The orc warrior is moderately wounded.
The orc warrior barely misses you.
You closely miss the orc warrior.
The orc warrior is moderately wounded.
The orc warrior barely misses you.
You sock the orc warrior!
The orc warrior is severely wounded.
The orc warrior hits you with a +0 mace!
You die...

........###.####.###.##
......... .........<..##
.........#
#!####.#.#.#.##
#........# #.#
#..##.##(######
#..).#(.รท###.#
#..##.......... ...
##..)...# #..##(.........
..#.......#
#.#.###.#######
#####.##.##.o####.##...##
............oo@...######
.)...###.###.###### .....
#.# #.# ...$ #.# #.# #)#
#.# #.# #.# #.# #.. #.#
###


You could see an orc warrior and 2 orcs.

Vanquished Creatures
  Sigmund (D:2)
  Eustachio (D:4)
  2 ogres
  A centaur (D:5)
  2 scorpions (D:6)
  2 howler monkeys
  3 hounds
  Crazy Yiuf (D:5)
  2 orc priests (D:5)
  A jelly (D:6)
  Jessica (D:2)
  2 iguanas
  An orc wizard (D:5)
  4 gnolls (D:5)
  6 adders
  2 ufetubi
  2 dart slugs
  5 orcs
  4 bats
  12 endoplasms
  2 giant cockroaches (D:1)
  5 goblins
  A hobgoblin (D:1)
  6 kobolds
  5 quokkas
  7 ball pythons
  2 frilled lizards (D:2)
  4 rats
87 creatures vanquished.

Vanquished Creatures (others)
  11 plants (D:5)
  4 toadstools (D:1)
15 creatures vanquished.

Grand Total: 102 creatures vanquished

Notes
Turn   | Place    | Note
-------+----------+-------------------------------------------
     0 | D:1      | sanboga the Formicid Fighter began the quest for the Orb.
     0 | D:1      | Reached XP level 1. HP: 18/18 MP: 1/1
   178 | D:1      | Reached XP level 2. HP: 20/24 MP: 2/2
   695 | D:1      | Reached XP level 3. HP: 20/29 MP: 3/3
  1220 | D:2      | Noticed Sigmund
  1237 | D:2      | Killed Sigmund
  1238 | D:2      | Reached skill level 5 in Shields
  1238 | D:2      | Reached XP level 4. HP: 11/37 MP: 4/4
  1238 | D:2      | Reached XP level 5. HP: 12/42 MP: 5/5
  1238 | D:2      | Reached XP level 6. HP: 14/48 MP: 6/6
  1480 | D:2      | You fall into a shaft and drop 1 floor!
  1785 | D:2      | Noticed Jessica
  1790 | D:2      | Killed Jessica
  2155 | D:3      | Found a faded altar of an unknown god.
  2410 | D:3      | Found Kaas's Jewellery Emporium.
  3755 | D:5      | Entered Level 5 of the Dungeon
  3755 | D:5      | Found an iron altar of Okawaru.
  3776 | D:5      | Became a worshipper of Warmaster Okawaru
  3867 | D:5      | Noticed Eustachio
  3903 | D:4      | Killed Eustachio
  3904 | D:4      | Reached XP level 7. HP: 19/55 MP: 7/7
  4167 | D:5      | Found a staircase to the Ecumenical Temple.
  4545 | D:5      | Reached skill level 5 in Maces & Flails
  4616 | D:4      | Reached skill level 5 in Fighting
  4850 | D:4      | Reached skill level 5 in Armour
  4850 | D:4      | Reached skill level 6 in Shields
  4994 | D:5      | Reached XP level 8. HP: 62/62 MP: 8/8
  5429 | D:5      | Found a white marble altar of Elyvilon.
  5921 | D:5      | Reached * piety under Okawaru
  5987 | D:5      | Found a hazy altar of Hepliaklqana.
  5994 | D:5      | Found a sacrificial altar of Ru.
  6128 | D:5      | Found a runed translucent door.
  6129 | D:5      | Noticed Crazy Yiuf
  6370 | D:5      | Killed Crazy Yiuf
  6380 | D:5      | Upgraded the game from 0.29.1-4-g47bece8355 to
                  | 0.29.1-12-g30fa7ad0bf
  6902 | D:6      | Reached skill level 7 in Shields
  6922 | D:6      | Slain by an orc warrior

Illustrated notes

Levels and vault maps discovered:
D:1:      ldierk_water_garden, layout_basic, amcnicky_mini_rare_corridor_liquid,
          nicolae_kite_square_tiling_tiny
D:2:      layout_loops_cross, uniq_jessica, uniq_sigmund
D:3:      layout_basic, serial_shops, shop_statue,
          shapermc_ecumenical_altar_acropolis
D:4:      kennysheep_big_flooded_room, layout_basic
D:5:      layout_loops_ring, nicolae_elyvilon_temple_path, okawaru_gym_becter,
          amethyst_overflow_temple_binary, minmay_temple_entry_junction,
          minmay_chambers_of_fives, uniq_crazy_yiuf_cottage, uniq_eustachio
D:6:      layout_loops_ring, amcnicky_altar_gilded, marbit_many_paths,
          st_stairs_1

Skill      XL: |  1  2  3  4  5  6  7  8 |
---------------+-------------------------+-----
Fighting       | 4 5 |  5.8
Maces & Flails | 3 4 5 6 |  6.5
Armour         | 4 5 |  5.8
Shields        | 5 6 7 |  7.0

Action                   |  1- 3 |  4- 6 |  7- 9 || total
-------------------------+-------+-------+-------++-------
Melee: Flail             |    77 |    99 |   104 ||   280
  Use: Scroll            |     5 |     4 |     1 ||    10
       Potion            |     2 |       |     3 ||     5
Armor: Scale mail        |    33 |    39 |    50 ||   122
Dodge: Dodged            |    28 |    49 |    55 ||   132
Block: Buckler           |    15 |    33 |    32 ||    80
